AoeStats
← best Y

Arabia

508157270Analyzed
1v1 RM · 11d ago on Sep 21, 2026· 20m 17s· 2 players
Game mode
Random Map
Map size
Tiny (2 player)
Population
200
Speed
Normal
Resources
Standard
Victory
Conquest
Starting age
Dark Age
Ending age
Imperial Age
RankedLock teamsTeams togetherTeam positionsShared explorationLock speedFull tech treeHidden civsTurbo modeCheats
Victory
Defeat
🇺🇸 Goths · United States
1172
+15
🇺🇸 Franks · United States
1158
-15
best Y
5:07 Loom
12:33 Feudal Age
14:07 Double-Bit Axe
17:36 Wheelbarrow
McLovin44666
7:12 Loom
10:03 Feudal Age
10:09 Man-at-Arms
10:34 Double-Bit Axe
13:50 Wheelbarrow
18:53 Horse Collar
22:46 Castle Age
Connection lost

Rejoining the realm…

Still unreachable

The connection could not be restored.

Session expired

The server has moved on; the page needs a fresh start.